 Dungeon Crawl Stone Soup version 0.30-a0-241-g1121274140 (webtiles) character file.

Game seed: 7627704930786155975

3052 gelatine the Stinger (level 9, -1/62 HPs)
             Began as a Demonspawn Venom Mage on Oct 10, 2022.
             Slain by a steam dragon (7 damage)
             ... on level 7 of the Dungeon.
             The game lasted 00:30:33 (9148 turns).

gelatine the Stinger (Demonspawn Venom Mage)        Turns: 9148, Time: 00:30:34

Health: -1/62      AC:  9    Str:  8    XL:     9   Next: 57%
Magic:  1/18       EV: 14    Int: 20    God:
Gold:   340        SH:  0    Dex: 17    Spells: 7/20 levels left

rFire   . . .      SeeInvis .    E - +3 short sword
rCold   . . .      Faith    .    (no shield)
rNeg    . . .      Spirit   .    a - +0 robe
rPois   +          Reflect  .    r - +0 helmet
rElec   .          Harm     .    g - scarf {repulsion}
rCorr   .          Rampage  .    l - +1 pair of gloves
Will    .....      Clarity  +    s - +0 pair of boots
Stlth   ++++......               (no amulet)
HPRegen 1.30/turn                m - ring of poison resistance
MPRegen 0.16/turn                i - +4 ring of protection

@: repel missiles
A: thin skeletal structure 1, powered by death 1, clarity, deformed body
a: no special abilities


You were on level 7 of the Dungeon.
You visited 2 branches of the dungeon, and saw 8 of its levels.
You also visited: Sewer.

You collected 340 gold pieces.

Inventory:

Hand Weapons
 c - a +2 vorpal battleaxe
 e - a +0 falchion
 w - a +3 quarterstaff of chaos
 B - a +0 rapier
 D - a +4 dagger
 E - a +3 short sword (weapon)
 G - a +3 great sword
Missiles
 n - 2 silver javelins
 p - 2 curare-tipped darts
 y - a boomerang
Armour
 a - a +0 robe (worn)
 g - a scarf of repulsion (worn)
 l - a +1 pair of gloves (worn)
 r - a +0 helmet (worn)
 s - a +0 pair of boots (worn)
 x - a +0 cloak
 I - the +3 leather armour of Wanufev {-Cast rElec rF+++ Stlth+}
   (You found it on level 7 of the Dungeon)

   rF:        It renders you almost immune to fire.
   rElec:     It insulates you from electricity.
   -Cast:     It prevents spellcasting.
   Stlth:     It makes you more stealthy.
Jewellery
 i - a +4 ring of protection (right hand)
 m - a ring of poison resistance (left hand)
 o - a ring of protection from fire
 F - a ring of fire
Wands
 f - a wand of paralysis (1)
 u - a wand of light (7)
 H - a wand of roots (6)
Scrolls
 d - 4 scrolls of magic mapping
 j - a scroll of brand weapon
 k - a scroll of enchant armour
 v - 2 scrolls of teleportation
 z - a scroll of noise
 C - 2 scrolls of enchant weapon
Potions
 b - a potion of magic
 h - a potion of curing
 q - a potion of brilliance
 t - 2 potions of lignification


   Skills:
 * Level 2.9 Fighting
 + Level 0.5(3.2) Short Blades
 + Level 5.2 Long Blades
 * Level 4.1 Dodging
 * Level 3.3 Stealth
 + Level 6.2 Spellcasting
 * Level 0.5 Conjurations
 * Level 0.4 Summonings
 + Level 4.0 Transmutations
 * Level 2.0 Air Magic
 * Level 6.6 Poison Magic
 * Level 1.1 Evocations


You had 7 spell levels left.
You knew the following spells:

 Your Spells              Type           Power      Damage    Failure   Level
a - Sting                 Tmut/Pois      100%       1d8       1%          1
b - Poisonous Vapours     Pois/Air       46%        N/A       2%          2
c - Mephitic Cloud        Conj/Pois/Air  18%        N/A       9%          3
d - Olgreb's Toxic Radia  Pois           32%        N/A       7%          4
e - Call Canine Familiar  Summ           8%         N/A       26%         3

Your spell library contained the following spells:

 Spells                   Type           Power      Damage    Failure   Level
 Gell's Gravitas          Tloc           6%         N/A       30%         3
 Lesser Beckoning         Tloc           12%        N/A       30%         3
 Ozocubu's Armour         Ice            6%         N/A       30%         3
 Portal Projectile        Hex/Tloc       12%        N/A       30%         3
 Teleport Other           Tloc           6%         N/A       30%         3
 Leda's Liquefaction      Hex/Erth       3%         N/A       71%         4
 Metabolic Englaciation   Hex/Ice        3%         N/A       96%         5
 Simulacrum               Ice/Necr       3%         N/A       100%        6


Dungeon Overview and Level Annotations

Branches:
Dungeon (7/15)             Temple (1/1) D:4           Sewer (visited)

Altars:
Cheibriados
Dithmenos
Fedhas
Gozag
Hepliaklqana
Makhleb
Nemelex Xobeh
Sif Muna
Xom
Yredelemnul

Shops:
D:1 ?   D:4 :


Innate Abilities, Weirdness & Mutations

You have a somewhat thin skeletal structure. (Dex +2, Stealth+)
You regenerate a little health from kills.
You possess an exceptional clarity of mind.
Armour fits poorly on your strangely shaped body.


Message History

Press: ? - help, Q - select action, (/) - cycle Shift-Dir - straight line, f - Duvessa, p - steam dragon
Aim: Duvessa, wielding a +0 short sword and wearing a +0 leather armour (severely wounded, berserk, very poisoned, 75% to hit)
The bolt of light hits Duvessa!
Duvessa is severely wounded.
Duvessa is blinded.
Duvessa misses you. Duvessa completely misses you. The steam dragon bites you!
* * * LOW HITPOINT WARNING * * *
The steam dragon completely misses you.
You feel better. Duvessa hits you with a +0 short sword.
* * * LOW HITPOINT WARNING * * *
The steam dragon bites you but does no damage.
The steam dragon claws you but does no damage.
You hit Duvessa.
Duvessa is almost dead.
Duvessa misses you.
You hit Duvessa.
Duvessa is almost dead.
The steam dragon bites you but does no damage.
The steam dragon claws you.
* * * LOW HITPOINT WARNING * * *
Casting: Sting (safe; 1% risk of failure)
Confirm with . or Enter, or press ? or * to list all spells.
You don't have enough magic to cast this spell.
Casting: Sting (safe; 1% risk of failure)
Confirm with . or Enter, or press ? or * to list all spells.
Aiming: Sting (safe; 1% risk of failure)
Press: ? - help, Shift-Dir - straight line, f - steam dragon, p - Duvessa
Aim: a steam dragon (heavily wounded, very poisoned, 78% to hit)
The sting hits the steam dragon.
The steam dragon looks even sicker.
The steam dragon is heavily wounded.
You kill Duvessa!
The steam dragon breathes steam at you. The ball of steam misses you.
Your magical contamination has completely faded away.
You hit the steam dragon.
The steam dragon is severely wounded.
You are engulfed in a cloud of scalding steam.
* * * LOW HITPOINT WARNING * * *
The steam dragon bites you!
You die...

#. #.# ##.. ##.# ##...
#..# ##.... #..#
......#####..##
#........)....####
#................#####
#....)D.)............#
.......@....####.....#
.########...#
###...### ##ยง.##
#...... ##..## ##.....
###...# #...##
###....## #..###
##....### #..#
###...### #...#
#....## #..##


You could see a steam dragon (very poisoned, catching breath).

Vanquished Creatures
  Grinder (D:4)
  Sigmund (D:3)
  Eustachio (D:6)
  A water moccasin (D:6)
  Duvessa (D:7)
  An ice beast (D:6)
  A centaur (D:6)
  3 ogres (D:6)
  2 phantoms
  5 kobold brigands
  2 bullfrogs
  A scorpion (D:6)
  2 necrophages (D:6)
  5 wights (D:6)
  Dowan (D:7)
  2 howler monkeys
  A gnoll bouda (D:7)
  3 hounds
  Crazy Yiuf (D:3)
  Terence (D:3)
  6 iguanas
  3 orc wizards
  Robin (D:3)
  13 adders
  3 gnolls (D:7)
  3 river rats (Sewer)
  A shadow imp (D:7)
  An ufetubus (D:6)
  3 worms
  A dart slug (D:1)
  18 orcs
  11 bats
  7 endoplasms
  2 giant cockroaches (D:1)
  12 goblins
  8 hobgoblins
  21 jackals
  5 quokkas
  12 ball pythons
  5 frilled lizards
  19 kobolds
  6 rats
197 creatures vanquished.

Vanquished Creatures (others)
  13 plants (Sewer)
13 creatures vanquished.

Grand Total: 210 creatures vanquished

Notes
Turn   | Place    | Note
-------+----------+-------------------------------------------
     0 | D:1      | gelatine the Demonspawn Venom Mage began the quest for the
                  | Orb.
     0 | D:1      | Reached XP level 1. HP: 13/13 MP: 3/3
   292 | D:1      | Found Eloweij's Magic Scroll Shoppe.
   296 | D:1      | Gained mutation: You regenerate a little health from kills.
                  | [demonic ancestry]
   296 | D:1      | Reached XP level 2. HP: 18/19 MP: 1/5
   368 | D:1      | Reached skill level 1 in Transmutations
   689 | D:1      | Reached XP level 3. HP: 24/24 MP: 0/6
  1656 | D:2      | Learned a level 2 spell: Poisonous Vapours
  1659 | D:2      | Reached skill level 1 in Long Blades
  1665 | D:2      | Gained mutation: You have a somewhat thin skeletal
                  | structure. (Dex +2, Stealth+) [demonic ancestry]
  1665 | D:2      | Reached XP level 4. HP: 27/30 MP: 4/8
  2265 | D:3      | Noticed Sigmund
  2375 | D:3      | Killed Sigmund
  2376 | D:3      | Reached XP level 5. HP: 24/35 MP: 0/10
  2425 | D:3      | Reached XP level 6. HP: 39/41 MP: 1/11
  2445 | D:3      | Found a glowing drain.
  2476 | Sewer    | Entered a sewer
  2819 | Sewer    | Reached skill level 1 in Air Magic
  2990 | Sewer    | Reached XP level 7. HP: 37/47 MP: 7/13
  3633 | D:3      | Noticed Robin
  3665 | D:3      | Killed Robin
  3812 | D:3      | Noticed Terence
  3823 | D:3      | Killed Terence
  3919 | D:3      | Found a sparkling altar of Nemelex Xobeh.
  3968 | D:3      | Reached skill level 5 in Poison Magic
  4291 | D:3      | Found a runed translucent door.
  4293 | D:3      | Noticed Crazy Yiuf
  4301 | D:3      | Killed Crazy Yiuf
  4302 | D:3      | Reached skill level 1 in Fighting
  4711 | D:4      | Noticed Grinder
  4830 | D:4      | Found Noil's Self-Improvement Boutique.
  4845 | D:4      | Found a staircase to the Ecumenical Temple.
  4865 | Temple   | Entered the Ecumenical Temple
  4919 | D:4      | Paralysed by Grinder for 2 turns
  4931 | D:4      | Gained mutation: You are weak. (Str -2) [potion of
                  | mutation]
  4931 | D:4      | Gained mutation: You are covered in fur. (AC +1) [potion of
                  | mutation]
  4938 | D:4      | Killed Grinder
  5334 | D:4      | Reached skill level 5 in Spellcasting
  5507 | D:4      | You fall into a shaft and drop 2 floors!
  5513 | D:5      | Entered Level 5 of the Dungeon
  5915 | D:5      | Reached XP level 8. HP: 54/54 MP: 6/15
  6042 | D:5      | Found a shimmering blue altar of Sif Muna.
  6402 | D:5      | Found a blossoming altar of Fedhas.
  6592 | D:5      | Lost mutation: You are weak. (Str -2) [potion of mutation]
  6592 | D:5      | Lost mutation: You are covered in fur. (AC +1) [potion of
                  | mutation]
  6592 | D:5      | Gained mutation: Your spells are a little easier to cast,
                  | but a little less powerful. [potion of mutation]
  6593 | D:5      | Lost mutation: Your spells are a little easier to cast, but
                  | a little less powerful. [potion of mutation]
  6593 | D:5      | Gained mutation: Armour fits poorly on your strangely
                  | shaped body. [potion of mutation]
  6593 | D:5      | Gained mutation: You possess an exceptional clarity of
                  | mind. [potion of mutation]
  6665 | D:5      | Learned a level 3 spell: Mephitic Cloud
  6670 | D:5      | Learned a level 4 spell: Olgreb's Toxic Radiance
  7360 | D:6      | Reached XP level 9. HP: 22/61 MP: 16/18
  7898 | D:6      | Found an opulent altar of Gozag.
  8023 | D:6      | Reached skill level 5 in Long Blades
  8224 | D:6      | Noticed Eustachio
  8242 | D:6      | Killed Eustachio
  8499 | D:6      | Learned a level 3 spell: Call Canine Familiar
  8808 | D:7      | Identified the +3 leather armour of Wanufev {-Cast rElec
                  | rF+++ Stlth+}
  9093 | D:7      | Reached skill level 1 in Evocations
  9130 | D:7      | Noticed Duvessa
  9130 | D:7      | Noticed Dowan
  9137 | D:7      | Killed Dowan
  9147 | D:7      | Killed Duvessa
  9148 | D:7      | Slain by a steam dragon

Illustrated notes

Levels and vault maps discovered:
D:1:      mrwooster_arrival_statue, layout_loops_ring, serial_shops,
          nicolae_shop_crystal, minmay_surrounded
D:2:      layout_basic
D:3:      layout_loops_ring, overflow_temple_1_default,
          cheibrodos_sewer_entry_sluice, uniq_robin, uniq_terence,
          uniq_crazy_yiuf_cottage, uniq_sigmund
D:4:      layout_cave_pods, minmay_temple_entry_large_hall, serial_rivers,
          chequers_serial_rivers_room_a, chequers_serial_rivers_small_3,
          chequers_serial_rivers_micro_b, chequers_serial_rivers_large_b,
          nicolae_shop_self_help, uniq_grinder
D:5:      layout_loops_cross, nicolae_sif_muna_little_library,
          fedhas_ov_isle_minmay, st_stairs_7, corexii_checkpoint_a,
          nicolae_figureground_pulse
D:6:      minmay_recursive_quarters, layout_loops_ring,
          mainiacjoe_overflow_alcove_1, nrook_mini_vaults, uniq_eustachio
D:7:      layout_layer_cave, old_standard_altar, corexii_hall_statues_i,
          uniq_duvessa
Temple:   hellmonk_temple_micro_hex

Skill      XL: |  1  2  3  4  5  6  7  8  9 |
---------------+----------------------------+-----
Transmutations | 1 2 3 4 |  4.0
Long Blades    | 1 2 4 5 |  5.2
Spellcasting   | 3 4 5 6 |  6.2
Dodging        | 2 3 4 |  4.1
Stealth        | 2 3 |  3.3
Poison Magic   | 4 5 6 |  6.6
Air Magic      | 1 2 |  2.0
Fighting       | 1 2 |  2.9
Evocations     | 1 |  1.1
Short Blades   | |  0.5
Conjurations   | |  0.5
Summonings     | |  0.4

Action                   |  1- 3 |  4- 6 |  7- 9 || total
-------------------------+-------+-------+-------++-------
Melee: Short sword       |     1 |       |    41 ||    42
       Club              |     1 |       |       ||     1
       Unarmed           |     1 |       |       ||     1
       Falchion          |    40 |    72 |   290 ||   402
       Punch             |     1 |     1 |     7 ||     9
 Cast: Sting             |    70 |    70 |   140 ||   280
       Poisonous Vapours |       |    11 |    32 ||    43
       Olgreb's Toxic Ra |       |       |    16 ||    16
       Mephitic Cloud    |       |       |     3 ||     3
Evoke: Wand              |       |       |     6 ||     6
  Use: Scroll            |       |     3 |    11 ||    14
       Potion            |       |       |     9 ||     9
 Stab: Distracted        |       |     1 |       ||     1
       Invisible         |       |       |     2 ||     2
       Sleeping          |       |       |     2 ||     2
Armor: Robe              |    10 |    30 |   140 ||   180
Dodge: Dodged            |    39 |    53 |   237 ||   329
       Repelled          |       |       |     3 ||     3

Table legend: (Time is in decaauts)
 A = Elapsed time spent in this place.
 B = Non-inter-level travel time spent in this place.
 C = Inter-level travel time spent in this place.
 D = Time resting spent in this place.
 E = Time spent auto-exploring this place.
 F = Levels seen in this place.
 G = Mean time per level.
                   A        B        C        D        E       F      G
               +--------+--------+--------+--------+--------+-----+--------+
         Total |   9364 |   9267 |     97 |     40 |   7221 |   9 | 1040.4 |
       Dungeon |   8087 |   7990 |     97 |     40 |   6275 |   7 | 1155.3 |
        Temple |      1 |      1 |      0 |      0 |      0 |   1 |    1.0 |
         Sewer |   1276 |   1276 |      0 |      0 |    946 |   1 | 1276.0 |
               +--------+--------+--------+--------+--------+-----+--------+

Top non-repeatable levels by time:
     D:6: 1555 daAuts
     D:4: 1330 daAuts
   Sewer: 1276 daAuts
     D:1: 1201 daAuts
     D:3: 1169 daAuts
     D:5: 1133 daAuts
     D:2: 1056 daAuts
     D:7: 640 daAuts
  Temple: 1 daAuts
